AoeStats
← monga0410

Fortress

509651214Analyzed
2v2 RM · 5d ago on Sep 27, 2026· 88m 28s· 4 players
Game mode
Random Map
Map size
Normal (6 player)
Population
200
Speed
Normal
Resources
Standard
Victory
Conquest
Starting age
Dark Age
Ending age
Imperial Age
RankedLock teamsTeams togetherTeam positionsShared explorationLock speedFull tech treeHidden civsTurbo modeCheats
Victory
Defeat
🇹🇼 Danes · Taiwan
1038
+14
🇹🇼 Sicilians · Taiwan
1035
+15
🇹🇼 Malians · Taiwan
1004
-15
🇨🇦 Khitans · Canada
1002
-14
Gore1021
0:29 Loom
7:50 Feudal Age
8:17 Double-Bit Axe
13:44 Castle Age
13:59 Scale Mail Armor
14:26 Arson
15:19 Squires
17:29 Chain Mail Armor
17:51 Forging
18:58 Bow Saw
19:42 Gold Mining
20:08 Stone Mining
24:50 Iron Casting
25:03 Fervor
27:25 Domestication
28:43 Lamellar Armor
33:17 Imperial Age
32:10 Fletching
32:20 Padded Archer Armor
32:25 Scale Barding Armor
32:07 Gambesons
32:48 Ballistics
32:23 Murder Holes
34:37 Wheelbarrow
33:30 Capped Ram
36:28 Hand Cart
38:24 Siege Engineers
38:33 Husbandry
39:55 Chain Barding Armor
41:24 Chemistry
41:30 Conscription
44:33 Elite Fire Lancer
46:35 Plate Mail Armor
46:02 Bodkin Arrow
46:22 Town Watch
47:08 Caravan
49:30 Elite Liao Dao
52:28 Two-Man Saw
53:39 Heavy Rocket Cart
55:03 Pastoralism
58:43 Pikeman
63:39 Capped Ram
65:30 Bracer
65:34 Siege Ram
77:04 Masonry
qvbcheng
8:23 Feudal Age
10:04 Double-Bit Axe
10:03 Horse Collar
12:50 Castle Age
11:15 Gold Mining
11:58 Forging
12:05 Scale Mail Armor
14:08 Bow Saw
20:05 Chain Mail Armor
19:49 Stone Mining
22:27 Iron Casting
31:08 Heavy Plow
31:04 Fletching
33:40 Bloodlines
33:31 Husbandry
36:17 Imperial Age
34:27 Gold Shaft Mining
34:27 Scale Barding Armor
37:35 Wheelbarrow
37:33 Conscription
38:01 Crop Rotation
37:00 Cavalier
38:12 Chain Barding Armor
38:05 Caravan
40:49 Farimba
42:59 Plate Mail Armor
43:05 Plate Barding Armor
47:08 Elite Gbeto
54:54 Chemistry
monga0410
7:30 Feudal Age
11:35 Castle Age
9:24 Double-Bit Axe
9:33 Horse Collar
12:40 Bow Saw
14:53 Heavy Plow
15:46 Scale Mail Armor
15:55 Gold Mining
16:54 Wheelbarrow
20:00 Forging
20:33 Squires
20:42 Loom
23:39 Hand Cart
23:47 Town Watch
24:33 Chain Mail Armor
25:09 Gold Shaft Mining
28:10 Scale Barding Armor
28:00 Light Cavalry
29:39 Chain Barding Armor
30:41 Bloodlines
30:32 Husbandry
34:32 Iron Casting
38:43 Imperial Age
38:46 Imperial Age
35:49 Pikeman
39:09 Ballistics
39:51 Conscription
40:55 Blast Furnace
39:47 Halberdier
41:24 Plate Mail Armor
40:31 Heavy Scorpion
41:38 Town Patrol
42:28 Siege Engineers
45:43 Chemistry
46:50 Masonry
46:07 Elite Jomsviking
47:24 Hoardings
46:57 Caravan
48:00 Plate Mail Armor
49:37 Plate Barding Armor
48:37 Onager
48:42 Northmen's Fury
55:07 Hamask
58:59 Arson
59:01 Gambesons
78:03 Elite Varangian Guard
80:53 Fletching
anguszheng11
8:22 Feudal Age
11:58 Castle Age
10:10 Double-Bit Axe
11:29 Loom
12:12 Scale Mail Armor
17:17 Crossbowman
19:42 Fletching
20:28 Horse Collar
22:00 Bodkin Arrow
23:54 Padded Archer Armor
32:36 Imperial Age
32:45 Arbalester
34:23 Ballistics
36:26 Bracer
36:43 Leather Archer Armor
37:47 Wheelbarrow
37:25 Bow Saw
37:28 Bloodlines
39:12 Chemistry
39:44 Forging
39:49 Chain Mail Armor
41:34 Iron Casting
41:05 Town Watch
42:20 First Crusade
42:04 Gold Mining
43:01 Elite Serjeant
45:03 Conscription
46:35 Blast Furnace
46:06 Plate Mail Armor
45:05 Capped Ram
45:50 Cavalier
46:43 Scale Barding Armor
49:16 Siege Ram
50:43 Siege Engineers
51:39 Hand Cart
54:15 Heavy Plow
59:01 Sappers
59:54 Chain Barding Armor
64:32 Husbandry
66:09 Plate Barding Armor
69:33 Town Patrol
69:32 Murder Holes
71:42 Clinker Construction
73:11 Squires
73:45 Light Cavalry
75:21 Elite Skirmisher
82:34 Arson
86:36 Crop Rotation
Connection lost

Rejoining the realm…

Still unreachable

The connection could not be restored.

Session expired

The server has moved on; the page needs a fresh start.